 Dungeon Crawl Stone Soup version 0.28-a0-1616-g050a50673c (webtiles) character file.

Game seed: 8038298256685467032

206 innerfire433 the Skirmisher (level 5, -1/47 HPs)
             Began as a Draconian Chaos Knight on Jan 22, 2022.
             Was a Plaything of Xom.
             Slain by an orc (6 damage)
             ... on level 4 of the Dungeon.
             The game lasted 00:04:48 (3814 turns).

innerfire433 the Skirmisher (DrCK)                  Turns: 3814, Time: 00:04:49

Health: -1/47      AC:  5    Str: 16    XL:     5   Next: 53%
Magic:  5/5        EV: 12    Int: 13    God:    Xom [..*...]
Gold:   134        SH:  0    Dex: 10    Spells: 4/4 levels left

rFire   + . .      SeeInvis .   a - +0 mace (chaos)
rCold   . . .      Faith    .   (no shield)
rNeg    . . .      Spirit   .   (armour unavailable)
rPois   .          Reflect  .   (helmet restricted)
rElec   .          Harm     .   (no cloak)
rCorr   .          Rampage  .   (no gloves)
Will    .....                   (no boots)
Stlth   +.........              (no amulet)
HPRegen 0.15/turn               e - ring of protection from fire
MPRegen 0.09/turn               (no ring)

@: brilliant, flying
A: AC +5, unfitting armour, cold-blooded
a: Renounce Religion


You were on level 4 of the Dungeon.
You worshipped Xom.
You were a toy of Xom.
You visited 1 branch of the dungeon, and saw 4 of its levels.

You collected 134 gold pieces.

Inventory:

Hand Weapons
 a - a +0 mace of chaos (weapon)
 o - a +2 flail of holy wrath
Armour
 f - a +0 chain mail
 i - a +0 ring mail of poison resistance
Magical Staves
 l - a staff of fire
Jewellery
 e - a ring of protection from fire (left hand)
Wands
 p - a wand of paralysis (7)
Scrolls
 b - a scroll of teleportation {unknown}
 c - 2 scrolls of identify {unknown}
 g - a scroll of holy word {unknown}
 h - a scroll of fog {unknown}
 n - 2 scrolls of amnesia {unknown}
 q - a scroll of blinking {unknown}
 r - a scroll of noise {unknown}
 t - a scroll of enchant weapon {unknown}
Potions
 s - a potion of attraction {unknown}
 u - a potion of cancellation {unknown}


   Skills:
 + Level 4.8 Fighting
 + Level 4.3 Maces & Flails
 + Level 3.5 Dodging


You had 4 spell levels left.
You didn't know any spells.
Your spell library contained the following spells:

 Spells                   Type           Power      Damage    Failure   Level
 Summon Small Mammal      Summ           0%         N/A       30%         1
 Call Canine Familiar     Summ           0%         N/A       67%         3
 Summon Guardian Golem    Hex/Summ       0%         N/A       67%         3
 Animate Dead             Necr           0%         N/A       97%         4
 Borgnjor's Vile Clutch   Necr/Erth      0%         N/A       100%        5
 Death Channel            Necr           0%         N/A       100%        6


Dungeon Overview and Level Annotations

Branches:
Dungeon (4/15)
 Temple: D:4-7

Altars:
Yredelemnul


Innate Abilities, Weirdness & Mutations

Your plain brown scales are hard. (AC +5)
You cannot fit into any form of body armour.
You are cold-blooded and may be slowed by cold attacks.


Message History

The orc priest calls down the wrath of Beogh upon you.
Beogh smites you! Something hits you but does no damage.
You closely miss something. The orc hits you but does no damage.
Something hits you.
* * * LOW HITPOINT WARNING * * *
The orc barely misses you.
You miss something. The orc hits you with a +0 falchion.
* * * LOW HITPOINT WARNING * * *
Something hits you.
* * * LOW HITPOINT WARNING * * *
The orc barely misses you.
You hit something. The orc closely misses you.
Something hits you but does no damage. The orc completely misses you.
The orc misses you.
The orc warrior is no longer paralysed.
It was a potion of flight.
You feel very buoyant.
You fly up into the air.
Xom thinks this is hilarious!
The orc barely misses you. Something hits you.
* * * LOW HITPOINT WARNING * * *
It was a potion of brilliance.
You feel clever all of a sudden. The orc misses you. Something hits you.
* * * LOW HITPOINT WARNING * * *
It was a potion of curing.
You feel better. The orc hits you with a +0 hand axe.
* * * LOW HITPOINT WARNING * * *
Something hits you.
* * * LOW HITPOINT WARNING * * *
You feel better.
The orc priest hits you but does no damage.
The orc hits you with a +0 hand axe.
* * * LOW HITPOINT WARNING * * *
Something hits you.
* * * LOW HITPOINT WARNING * * *
It was a potion of magic.
Magic courses through your body. The orc priest barely misses you.
The orc hits you with a +0 hand axe.
You die...
Xom titters!

# .. .... .....
.....##################
...........☼§§.o@.....#
.......>...§§§ooo.#.###
......#....○....#.#
....#.#.#......##.#
#####.#...........#
#.#.#.###.....# #.#...#
#.###(# #.#.#####.#.#.#
#.......#<[.#


You could see an orc warrior, an orc priest and 2 orcs.

Vanquished Creatures
  2 hounds
  A hound skeleton (D:2)
  4 adders (D:2)
  2 gnolls (D:2)
  A shadow imp (D:4)
  A worm (D:2)
  4 dart slugs
  4 endoplasms
  2 giant cockroaches
  3 goblins
  4 hobgoblins
  4 quokkas
  3 ball pythons
  6 bats
  6 frilled lizards
  3 kobolds
  9 rats
59 creatures vanquished.

Vanquished Creatures (collateral kills)
  A gnoll (D:2)
  A hobgoblin (D:2)
  A frilled lizard (D:2)
3 creatures vanquished.

Vanquished Creatures (others)
  5 plants (D:4)
5 creatures vanquished.

Grand Total: 67 creatures vanquished

Notes
Turn   | Place    | Note
-------+----------+-------------------------------------------
     0 | D:1      | innerfire433 the Draconian Chaos Knight began the quest for
                  | the Orb.
     0 | D:1      | Reached XP level 1. HP: 19/19 MP: 1/1
   154 | D:1      | Reached XP level 2. HP: 25/26 MP: 2/2
  1090 | D:2      | Found a basalt altar of Yredelemnul.
  1102 | D:2      | XOM: cloud trail
  1221 | D:2      | Reached XP level 3. HP: 29/33 MP: 3/3
  1633 | D:2      | XOM: silly message
  1637 | D:2      | Reached XP level 4. HP: 30/40 MP: 4/4
  1762 | D:2      | XOM: cast spell 'Summon Cactus Giant'
  1762 | D:2      | HP: 1/40 [something (4)]
  1804 | D:2      | XOM: god gift: wand of paralysis (8)
  1864 | D:2      | XOM: noise
  1896 | D:2      | XOM: god gift: 31 gold pieces
  2641 | D:3      | Reached XP level 5. HP: 47/47 MP: 5/5
  3390 | D:3      | XOM: 5-stop teleportation journey
  3744 | D:4      | XOM: noise
  3787 | D:4      | Noticed an orc warrior
  3801 | D:4      | XOM: smoke on damage
  3814 | D:4      | Slain by an orc

Illustrated notes

Levels and vault maps discovered:
D:1:      minmay_arrival_radiant_lines, layout_loops_ring, serial_forest,
          infiniplex_forest_straight_2, infiniplex_forest_corner_1,
          infiniplex_forest_clump_double, infiniplex_forest_lined_corner,
          infiniplex_forest_lined_3, infiniplex_forest_end_2,
          infiniplex_forest_split
D:2:      layout_loops_cross, basic_altar
D:3:      layout_loops_ring, serial_co_window_serial, co_window_paths_b,
          co_window_corner_a, co_window_corner_a, co_window_corner_a,
          co_window_paths_b, co_window_of_opportunity_a,
          co_window_of_opportunity_a, co_window_2corner,
          co_window_unsneaky_path_d, co_window_broadway_b, co_window_cross_2,
          co_window_2corner, glass_columns_a, glass_columns_a, glass_columns_c
D:4:      layout_basic, serial_bayou, serial_bayou_lake_a, serial_bayou_shore_b,
          serial_bayou_shore_b, serial_bayou_crossing, serial_bayou_ford_a

Skill      XL: |  1  2  3  4 |
---------------+-------------+-----
Fighting       | 4 |  4.8
Dodging        | 3 |  3.5
Maces & Flails | 4 |  4.3

Action                   |  1- 3 |  4- 6 || total
-------------------------+-------+-------++-------
Melee: Mace              |   103 |    79 ||   182
       Tailslap          |    11 |    11 ||    22
       Punch             |     1 |     1 ||     2
Evoke: Wand              |       |     1 ||     1
  Use: Potion            |       |     5 ||     5
Armor: Skin              |    43 |    30 ||    73
Dodge: Dodged            |    79 |    47 ||   126

Table legend: (Time is in decaauts)
 A = Elapsed time spent in this place.
 B = Non-inter-level travel time spent in this place.
 C = Inter-level travel time spent in this place.
 D = Time resting spent in this place.
 E = Time spent auto-exploring this place.
 F = Levels seen in this place.
 G = Mean time per level.
                   A        B        C        D        E       F      G
               +--------+--------+--------+--------+--------+-----+--------+
         Total |   3857 |   3750 |    107 |      0 |   3245 |   4 |  964.2 |
       Dungeon |   3857 |   3750 |    107 |      0 |   3245 |   4 |  964.2 |
               +--------+--------+--------+--------+--------+-----+--------+

Top non-repeatable levels by time:
     D:2: 1508 daAuts
     D:3: 1171 daAuts
     D:1: 1104 daAuts
     D:4: 72 daAuts
